 Dungeon Crawl Stone Soup version 0.30-a0-219-gf2db51d15e (webtiles) character file.

Game seed: 2134457594424201232

603 SigmundSlayer the Ducker (level 7, -1/55 HPs)
             Began as a Demonspawn Gladiator on Oct 7, 2022.
             Slain by Edmund
             ... wielding a +1 flail of protection
              (3 damage)
             ... on level 4 of the Dungeon.
             The game lasted 00:05:40 (3640 turns).

SigmundSlayer the Ducker (Demonspawn Gladiator)     Turns: 3640, Time: 00:05:40

Health: -1/55      AC:  6    Str: 17    XL:     7   Next: 18%
Magic:  7/7        EV: 13    Int: 21    God:
Gold:   229        SH:  0    Dex: 14    Spells: 6/6 levels left

rFire   . . .      SeeInvis .      - Unarmed
rCold   . . .      Faith    .    (no shield)
rNeg    . . .      Spirit   .    a - +0 leather armour
rPois   .          Reflect  .    b - +1 helmet
rElec   .          Harm     .    (no cloak)
rCorr   .          Rampage  .    m - +0 pair of gloves
Will    .....                    (no boots)
Stlth   +.........               (no amulet)
HPRegen 0.29/turn                k - +6 ring of intelligence
MPRegen 0.10/turn                h - +6 ring of intelligence

@: no status effects
A: powered by pain 2
a: no special abilities


You were on level 4 of the Dungeon.
You visited 1 branch of the dungeon, and saw 4 of its levels.

You collected 229 gold pieces.

Inventory:

Hand Weapons
 j - the +9 falchion of Defenestration {vorpal, MP+9 Dex+3}
   (You found it on level 4 of the Dungeon)

   It inflicts extra damage upon your enemies.
   Dex:       It affects your dexterity (+3).
   MP:        It affects your magic capacity (+9).
Armour
 a - a +0 leather armour (worn)
 b - a +1 helmet (worn)
 m - a +0 pair of gloves (worn)
Jewellery
 h - a +6 ring of intelligence (right hand)
 k - a +6 ring of intelligence (left hand)
 o - a ring of wizardry
Scrolls
 e - 5 scrolls of teleportation
 f - a scroll of poison
 g - a scroll of amnesia
 i - 4 scrolls of identify
Potions
 l - a potion of heal wounds
 n - a potion of attraction


   Skills:
 + Level 4.3 Fighting
 - Level 1.8 Throwing
 + Level 3.2 Armour
 + Level 4.4 Dodging
 + Level 4.3 Unarmed Combat


You had 6 spell levels left.
You didn't know any spells.
Your spell library contained the following spells:

 Spells                   Type           Power      Damage    Failure   Level
 Magic Dart               Conj           0%         1d3       22%         1
 Call Imp                 Summ           0%         N/A       32%         2
 Mephitic Cloud           Conj/Pois/Air  0%         N/A       54%         3


Dungeon Overview and Level Annotations

Branches:
Dungeon (4/15)
 Temple: D:4-7

Altars:

Annotations:
D:4 Edmund


Innate Abilities, Weirdness & Mutations

You sometimes gain power by taking damage.


Message History

Edmund is heavily wounded.
Edmund struggles against the net.
You hit Edmund but do no damage.
Edmund is heavily wounded.
Edmund struggles against the net.
You hit Edmund but do no damage. You punch Edmund.
Edmund is heavily wounded.
Edmund struggles against the net.
You hit Edmund but do no damage.
Edmund is heavily wounded.
You hit Edmund but do no damage.
Edmund is heavily wounded.
Edmund struggles against the net.
The net rips apart, and Edmund comes free!
You closely miss Edmund.
Edmund is heavily wounded.
Edmund misses you.
Throw: javelin
Press: ? - help, Q - select action Shift-Dir - straight line, f/p - Edmund
Aim: Edmund, wielding a +1 flail of protection and wearing a +0 chain mail (heavily wounded, 68% to hit)
You throw a javelin. The javelin pierces through Edmund.
Edmund is heavily wounded.
Edmund misses you.
Edmund hits you with a +1 flail of protection.
You hit Edmund but do no damage.
Edmund is heavily wounded.
Edmund hits you with a +1 flail of protection.
You hit Edmund but do no damage. You punch Edmund, but do no damage.
Edmund is heavily wounded.
Edmund hits you with a +1 flail of protection!
* * * LOW HITPOINT WARNING * * *
You hit Edmund.
Edmund is heavily wounded.
You closely miss Edmund.
Edmund is heavily wounded.
Edmund hits you with a +1 flail of protection.
* * * LOW HITPOINT WARNING * * *
Edmund attacks as you move away!
Edmund hits you with a +1 flail of protection.
You die...

..............##.............
..............................
........#......................
........#................##.....
.........................#
.[.[.###.....# #.........#..
....## ####.#####...........
....####.....##...).........
............#...@@.....(..#.
....##......#..........##.#
.....##................... .$
.....#...................# #. .
.....#...............#...# .. ..
................##..##..... .##..
................#........#. .#...
...............##...#. ###.....
..............###...######......#


You could see Edmund.

Vanquished Creatures
  Grinder (D:3)
  Sigmund (D:2)
  2 hounds (D:4)
  Terence (D:2)
  4 gnolls
  4 adders
  A worm (D:2)
  A dart slug (D:1)
  5 ball pythons
  5 bats
  12 endoplasms
  2 giant cockroaches
  7 goblins
  6 hobgoblins
  3 jackals (D:1)
  5 kobolds
  A quokka (D:4)
  4 frilled lizards
  8 rats
73 creatures vanquished.

Notes
Turn   | Place    | Note
-------+----------+-------------------------------------------
     0 | D:1      | SigmundSlayer the Demonspawn Gladiator began the quest for
                  | the Orb.
     0 | D:1      | Reached XP level 1. HP: 16/16 MP: 1/1
   267 | D:1      | Gained mutation: You sometimes gain a little power by
                  | taking damage. [demonic ancestry]
   267 | D:1      | Reached XP level 2. HP: 22/22 MP: 2/2
   500 | D:1      | Reached XP level 3. HP: 25/28 MP: 3/3
   633 | D:1      | Reached skill level 1 in Armour
  1082 | D:2      | Found a faded altar of an unknown god.
  1087 | D:2      | Noticed Terence
  1110 | D:2      | Killed Terence
  1111 | D:2      | Reached XP level 4. HP: 8/34 MP: 4/4
  1682 | D:2      | Noticed Sigmund
  1728 | D:2      | Killed Sigmund
  1729 | D:2      | Reached XP level 5. HP: 19/41 MP: 5/5
  2174 | D:3      | Noticed Grinder
  2185 | D:3      | Paralysed by Grinder for 2 turns
  2206 | D:3      | Paralysed by Grinder for 2 turns
  2233 | D:3      | Paralysed by Grinder for 3 turns
  2238 | D:3      | Killed Grinder
  2239 | D:3      | Gained mutation: You sometimes gain power by taking damage.
                  | [demonic ancestry]
  2239 | D:3      | Reached XP level 6. HP: 7/48 MP: 6/6
  2738 | D:4      | Reached XP level 7. HP: 30/54 MP: 7/7
  2743 | D:4      | Identified the +9 falchion of Defenestration {vorpal, MP+9
                  | Dex+3}
  3367 | D:4      | Noticed Edmund
  3639 | D:4      | HP: 2/55 [Edmund/+1 flail of protection (5)]
  3640 | D:4      | Slain by Edmund

Illustrated notes

Levels and vault maps discovered:
D:1:      lemuel_arrival_behind_the_door_small, layout_basic,
          minmay_tromino_v4_a
D:2:      layout_rooms, hellmonk_ecumenical_altar_run_dry, uniq_terence,
          uniq_crazy_yiuf_cottage, uniq_sigmund
D:3:      layout_rooms, nicolae_kite_square_tiling_tiny,
          corexii_leaking_fountain, uniq_grinder
D:4:      layout_cave_pools, uniq_edmund

Skill      XL: |  1  2  3  4  5 |
---------------+----------------+-----
Dodging        | 3 4 |  4.4
Unarmed Combat | 3 4 |  4.3
Armour         | 1 2 3 |  3.2
Fighting       | 3 4 |  4.3
Throwing       | |  1.8

Action                   |  1- 3 |  4- 6 |  7- 9 || total
-------------------------+-------+-------+-------++-------
Melee: Unarmed           |   167 |   142 |   101 ||   410
       Punch             |     4 |     1 |     2 ||     7
Throw: Throwing net      |       |       |     3 ||     3
       Javelin           |       |       |     1 ||     1
  Use: Potion            |     2 |     4 |       ||     6
       Scroll            |       |     8 |     2 ||    10
 Stab: Sleeping          |     1 |     1 |       ||     2
       Held in net/web   |       |       |     2 ||     2
Armor: Leather armour    |    53 |    37 |    14 ||   104
Dodge: Dodged            |   117 |    79 |    55 ||   251

Table legend: (Time is in decaauts)
 A = Elapsed time spent in this place.
 B = Non-inter-level travel time spent in this place.
 C = Inter-level travel time spent in this place.
 D = Time resting spent in this place.
 E = Time spent auto-exploring this place.
 F = Levels seen in this place.
 G = Mean time per level.
                   A        B        C        D        E       F      G
               +--------+--------+--------+--------+--------+-----+--------+
         Total |   3611 |   3517 |     94 |    826 |   1861 |   4 |  902.8 |
       Dungeon |   3611 |   3517 |     94 |    826 |   1861 |   4 |  902.8 |
               +--------+--------+--------+--------+--------+-----+--------+

Top non-repeatable levels by time:
     D:3: 1181 daAuts
     D:2: 977 daAuts
     D:1: 920 daAuts
     D:4: 532 daAuts
